 Dungeon Crawl Stone Soup version 0.31-a0-965-g8a8ce12e04 (webtiles) character file.

Game seed: 3569749712724767342

411 lunkers the Ruffian (level 7, -8/52 HPs)
             Began as a Meteoran Shapeshifter on Oct 26, 2023.
             Was a Follower of Okawaru.
             Mangled by a gnoll sergeant
             ... wielding a +2 trident of venom
              (10 damage)
             ... on level 5 of the Dungeon.
             The game lasted 00:04:36 (1203 turns).

lunkers the Ruffian (Meteoran Shapeshifter)         Turns: 1203, Time: 00:04:36

Health: -8/52      AC:  4    Str: 16    XL:     7   Next: 36%
Magic:  10/10      EV: 12    Int: 12    God:    Okawaru [*.....]
Gold:   158        SH:  5    Dex: 15    Spells: 6/6 levels left

rFire   . .          .
                       - Unarmed
rCold   . . .        (no shield)
rNeg    . . .        m - +2 robe {Will+}
rPois   .            (helmet currently unavailable)
rElec   +            (cloak currently unavailable)
rCorr   .            (gloves currently unavailable)
SInv    .            (boots currently unavailable)
Will    +++..        n - amulet of Makhleb, Screaming {Reflect rElec Will+ SH+5}
Stlth   +            i - +4 ring of slaying
HPRegen 0.28/turn    (no ring)
MPRegen 0.12/turn

%: reflection
@: mighty, lethally poisoned (-8 -> -22), beast-form, enlightened, flying,
glowing
A: beast (slay +3), sense surroundings 1, otherworldly, glowing, explore regen
a: Begin Untransformation, Renounce Religion, Heroism


You were on level 5 of the Dungeon.
You worshipped Okawaru.
Okawaru was aware of your devotion.
You were a hulking beast.
You visited 2 branches of the dungeon, and saw 6 of its levels.

You collected 158 gold pieces.

Inventory:

Armour
 m - a +2 robe of willpower (worn)
Jewellery
 i - a +4 ring of slaying (left hand)
 n - the amulet of Makhleb, Screaming (around neck) {Reflect rElec Will+ SH+5}
   (You found it on level 5 of the Dungeon)

   [amulet of reflection]

   Reflect:   It reflects blocked missile attacks.
   rElec:     It insulates you from electricity.
   Will+:     It increases your willpower.
   SH+5:      It affects your SH (+5).
Talismans
 c - a beast talisman
 d - a flux talisman
 h - a talisman of death
Scrolls
 a - a scroll of vulnerability {unknown}
 e - 4 scrolls of identify {unknown}
 g - a scroll of silence {unknown}
 j - a scroll of enchant armour {unknown}
Potions
 b - a potion of lignification
 l - a potion of curing {unknown}


   Skills:
 - Level 1.1 Fighting
 - Level 2.1 Dodging
 * Level 7.1 Unarmed Combat
 + Level 3.2 Invocations
 + Level 5.3 Shapeshifting


You had 6 spell levels left.
You didn't know any spells.
Your spell library contained the following spells:

 Spells                   Type           Power      Damage    Failure   Level
 Sublimation of Blood     Necr           0%         N/A       45%         2
 Passage of Golubria      Tloc           0%         N/A       97%         4
 Petrify                  Tmut/Erth      0%         N/A       97%         4
 Irradiate                Conj/Tmut      0%         3d11      100%        5
 Yara's Violent Unravell  Hex/Tmut       0%         3d3       100%        5
 Tukima's Dance           Hex            Unusable   N/A       N/A         3

Dungeon Overview and Level Annotations

Branches:
Dungeon (5/15) Zot: 1826   Temple (1/1) D:4 Zot: 582

Altars:
Ashenzari
Gozag
Hepliaklqana
Nemelex Xobeh
Okawaru
Qazlal
Ru
Sif Muna
Vehumet

Shops:
D:2 *

Annotations:
D:5 2 runed translucent doors, Newt's ghost, novice KoHu


Innate Abilities, Weirdness & Mutations

You are a hulking beast.
Your limbs bulge with bestial killing power. (Slay +3)
You passively map a small area around you.
You are easily found by Zot.
You glow in the dark.
You regain HP and MP as you explore.


Message History

There are monsters nearby!
The gnoll sergeant shouts!
A gnoll comes into view. It is wielding a +0 halberd.
There are monsters nearby!
A gnoll comes into view. It is wielding a +0 whip.
The gnoll shouts!
The gnoll misses you.
You closely miss the gnoll. The gnoll hits you with a +0 flail.
You closely miss the gnoll. The gnoll closely misses you.
The gnoll sergeant hits you from afar with a +2 trident of venom!
You are poisoned.
You hit the gnoll.
The gnoll is lightly wounded.
You feel very sick.
The gnoll sergeant hits you from afar with a +2 trident of venom.
You are more poisoned.
The gnoll barely misses you.
You barely miss the gnoll.
The gnoll is lightly wounded.
You feel very sick.
A phantom comes into view.
The gnoll closely misses you.
The gnoll sergeant hits you from afar with a +2 trident of venom!
* * * LOW HITPOINT WARNING * * *
You are lethally poisoned!
Okay, then.
Okay, then.
* * * LOW HITPOINT WARNING * * *
You feel extremely sick.
It was a potion of might.
You feel very mighty all of a sudden.
* * * LOW HITPOINT WARNING * * *
You feel very sick.
It was a potion of enlightenment.
You feel very buoyant.
You fly up into the air.
* * * LOW HITPOINT WARNING * * *
You feel very sick.
The gnoll sergeant hits you from afar with a +2 trident of venom!
You die...

#........#W.#~#
#...#....##.~##
,,
....#....########
, , *
#.###.......# #.#
* #.#
####.######.###.#
#.#
#............#
..#
########.##### *
..# #.########W
### #.h.gggg...
###########*


You could see a gnoll sergeant and 3 gnolls.

Vanquished Creatures
  A water moccasin (D:5)
  A black bear (D:5)
  A howler monkey (D:4)
  A hound (D:4)
  2 orc wizards
  5 adders
  2 ufetubi (D:5)
  9 orcs
  2 endoplasms (D:2)
  A giant cockroach (D:5)
  2 goblins (D:2)
  2 hobgoblins (D:2)
  3 quokkas
  5 bats
  A frilled lizard (D:3)
  6 kobolds
  A rat (D:2)
45 creatures vanquished.

Notes
Turn   | Place    | Note
-------+----------+-------------------------------------------
     0 | D:1      | lunkers the Meteoran Shapeshifter began the quest for the
                  | Orb.
     0 | D:1      | Reached XP level 1. HP: 16/16 MP: 2/2
   195 | D:1      | Reached skill level 4 in Unarmed Combat
   195 | D:1      | Reached XP level 2. HP: 21/23 MP: 3/3
   279 | D:2      | Found Xynimada's Assorted Antiques.
   285 | D:2      | Reached XP level 3. HP: 25/28 MP: 4/4
   377 | D:2      | Found a hazy altar of Hepliaklqana.
   467 | D:2      | Found a faded altar of an unknown god.
   616 | D:3      | Found a broken altar of Ashenzari.
   689 | D:4      | Reached skill level 5 in Unarmed Combat
   689 | D:4      | Reached XP level 4. HP: 35/35 MP: 5/5
   702 | D:4      | Found a staircase to the Ecumenical Temple.
   738 | D:4      | Reached XP level 5. HP: 39/40 MP: 6/6
   749 | Temple   | Entered the Ecumenical Temple
   757 | Temple   | Became a worshipper of Warmaster Okawaru
   868 | D:4      | Reached skill level 1 in Invocations
   950 | D:4      | Reached skill level 6 in Unarmed Combat
   979 | D:5      | Entered Level 5 of the Dungeon
   979 | D:5      | Noticed a water moccasin
   989 | D:5      | Killed a water moccasin
   990 | D:5      | Reached skill level 5 in Shapeshifting
   990 | D:5      | Reached XP level 6. HP: 46/47 MP: 8/8
  1003 | D:5      | Found a sacrificial altar of Ru.
  1052 | D:5      | Reached XP level 7. HP: 45/52 MP: 10/10
  1068 | D:5      | Reached * piety under Okawaru
  1146 | D:5      | Reached skill level 7 in Unarmed Combat
  1165 | D:5      | Found a large runed translucent door.
  1165 | D:5      | Found a large runed translucent door.
  1169 | D:5      | Noticed Newt's ghost (novice KoHu)
  1170 | D:5      | Identified the amulet of Makhleb, Screaming {Reflect rElec
                  | Will+ SH+5}
  1203 | D:5      | HP: 2/52 [poisoned by a gnoll sergeant]
  1203 | D:5      | Mangled by a gnoll sergeant

Illustrated notes

Levels and vault maps discovered:
D:1:      scummos_arrival_gate, layout_rooms, minmay_octomino_c4
D:2:      layout_basic, serial_shops, nicolae_shop_advertising_works
          [nicolae_subvault_shop_adworks],
          shapermc_ecumenical_altar_mp_urbaneastern, basic_altar
D:3:      layout_basic, mainiacjoe_overflow_24_doors, marbit_many_paths,
          ebering_ghost_sewer_d, grunt_decor_mini_mirrors
D:4:      layout_basic, brannock_xom_greatest_gift, minmay_temple_entry_waves,
          hangedman_decor_slide_cut
D:5:      gammafunk_wand_slinger, layout_loops_ring,
          nicolae_ru_great_annihilating_truth, ebering_ghost_disaster_area
Temple:   hellmonk_temple_rainy

Skill      XL: |  1  2  3  4  5  6  7 |
---------------+----------------------+-----
Unarmed Combat | 4 5 6 7 |  7.1
Shapeshifting  | 4 5 |  5.3
Invocations    | 2 3 |  3.2
Fighting       | |  1.1
Dodging        | |  2.1

Action                     |  1- 3 |  4- 6 |  7- 9 || total
---------------------------+-------+-------+-------++-------
  Melee: Unarmed           |    62 |    43 |    18 ||   123
         Punch             |     2 |     2 |     1 ||     5
    Use: Potion            |       |       |     2 ||     2
   Stab: Paralysed         |       |     1 |       ||     1
 Armour: Animal skin       |    34 |     7 |       ||    41
         Robe              |       |     7 |    14 ||    21
  Dodge: Dodged            |    32 |    26 |    11 ||    69

Table legend: (Time is in decaauts)
 A = Elapsed time spent in this place.
 B = Non-inter-level travel time spent in this place.
 C = Inter-level travel time spent in this place.
 D = Time resting spent in this place.
 E = Time spent auto-exploring this place.
 F = Levels seen in this place.
 G = Mean time per level.
                   A        B        C        D        E       F      G
               +--------+--------+--------+--------+--------+-----+--------+
         Total |   1189 |   1162 |     27 |      0 |    777 |   6 |  198.2 |
       Dungeon |   1172 |   1145 |     27 |      0 |    777 |   5 |  234.4 |
        Temple |     17 |     17 |      0 |      0 |      0 |   1 |   17.0 |
               +--------+--------+--------+--------+--------+-----+--------+

Top non-repeatable levels by time:
     D:4: 279 daAuts
     D:2: 279 daAuts
     D:5: 218 daAuts
     D:1: 213 daAuts
     D:3: 181 daAuts
  Temple: 17 daAuts
